BSA
LOS CABOS CARTEL @ BOSTON REBELS
03/31/2025
 
TOP OF THE 1ST
Los Cabos Cartel batting - Pitching for Boston Rebels : LHP José Hidalgo
Pitching: LHP José Hidalgo
Batting: RHB Dan Mason 0-0: Ball
1-0: Foul Ball, location: 2F
1-1: DOUBLE (Line Drive, 4MD)
Batting: LHB Luis González 0-0: Foul Ball, location: 2F
0-1: Ball
1-1: Foul Ball, location: 2F
1-2: Ball
2-2: Ground out 4-3 (Groundball, 4)
Dan Mason to third
Batting: SHB Julián Madrid 0-0: Ball
1-0: DOUBLE (Line Drive, 7LM)
Dan Mason scores
Batting: LHB José Rivas 0-0: Ground out 4-3 (Groundball, 4M)
Julián Madrid to third
Batting: RHB Stephen Wilson 0-0: Fly out, F6 (Line Drive, 6)
Top of the 1st over - 1 run(s), 2 hit(s), 0 error(s), 1 left on base; Los Cabos 1 - Boston 0
BOTTOM OF THE 1ST
Boston Rebels batting - Pitching for Los Cabos Cartel : RHP Jorge Jiménez
Pitching: RHP Jorge Jiménez
Batting: RHB Felipe Olivas 0-0: Ball
1-0: SINGLE (Groundball, 6M)
Batting: LHB Ray Spencer 0-0: SINGLE (Flyball, 89S)
Felipe Olivas to second
Batting: LHB Bill Wilson 0-0: Ball
1-0: Swinging Strike
1-1: Foul Ball, location: 2F
1-2: SINGLE (Line Drive, 7S)
Felipe Olivas to third
Ray Spencer to second
Batting: LHB Lorenzo Flores 0-0: Ball
1-0: Ball
2-0: Ball
3-0: Called Strike
3-1: Base on Balls
Felipe Olivas scores
Ray Spencer to third
Bill Wilson to second
Batting: SHB Javier Villegas 0-0: Ball
1-0: Foul Ball, location: 2F
1-1: Fly out, F7 (Flyball, 7M)
Runner from 3rd tags up, SCORES, throw made
Batting: LHB Félix Gómez 0-0: Foul Ball, location: 2F
0-1: Ball
1-1: Swinging Strike
1-2: Reached on error, E1 (Groundball, 13)
Bill Wilson to third
Lorenzo Flores to second
Batting: LHB Jeff Gordon 0-0: Ball
1-0: Called Strike
1-1: Ball
2-1: Ball
3-1: Swinging Strike
3-2: Base on Balls
Bill Wilson scores
Lorenzo Flores to third
Félix Gómez to second
Batting: RHB Pat Haynes 0-0: Fly out, F9 (Flyball, 89S)
Batting: RHB Douglas Davis 0-0: Swinging Strike
0-1: Ball
1-1: Ball
2-1: Swinging Strike
2-2: Strikes out swinging
Bottom of the 1st over - 3 run(s), 3 hit(s), 1 error(s), 3 left on base; Los Cabos 1 - Boston 3
TOP OF THE 2ND
Los Cabos Cartel batting - Pitching for Boston Rebels : LHP José Hidalgo
Batting: LHB Marc Brown 0-0: Swinging Strike
0-1: Foul Ball, location: 2F
0-2: Ball
1-2: Ball
2-2: DOUBLE (Flyball, 8LM)
Batting: SHB Luis González 0-0: Called Strike
0-1: Foul Ball, location: 2F
0-2: Ball
1-2: Ball
2-2: Fly out, F9 (Line Drive, 9LS)
Batting: LHB Manny Quiñones 0-0: Ball
Marc Brown steals 3rd base
1-0: Ball
2-0: Foul Ball, location: 2F
2-1: Swinging Strike
2-2: Strikes out swinging
Batting: LHB Matt Smith 0-0: Foul Ball, location: 2F
0-1: Ball
1-1: Ground out U3 (Groundball, 3L)
Top of the 2nd over - 0 run(s), 1 hit(s), 0 error(s), 1 left on base; Los Cabos 1 - Boston 3
BOTTOM OF THE 2ND
Boston Rebels batting - Pitching for Los Cabos Cartel : RHP Jorge Jiménez
Batting: RHB Felipe Olivas 0-0: Called Strike
0-1: Foul Ball, location: 2F
0-2: Fly out, F7 (Flyball, 7LM)
Batting: LHB Ray Spencer 0-0: SINGLE (Flyball, 7S)
Batting: LHB Bill Wilson 0-0: Foul Ball, location: 2F
0-1: Foul Ball, location: 2F
0-2: Foul Ball, location: 2F
0-2: Ball
1-2: Foul Ball, location: 2F
1-2: Foul Ball, location: 2F
1-2: Foul Ball, location: 2F
1-2: DOUBLE (Flyball, 7LD)
Ray Spencer to third
Batting: LHB Lorenzo Flores 0-0: Called Strike
0-1: Ball
1-1: Ball
2-1: Fly out, F6 (Popup, 4M)
Batting: SHB Javier Villegas 0-0: Ground out 6-3 (Groundball, 6M)
Bottom of the 2nd over - 0 run(s), 2 hit(s), 0 error(s), 2 left on base; Los Cabos 1 - Boston 3
TOP OF THE 3RD
Los Cabos Cartel batting - Pitching for Boston Rebels : LHP José Hidalgo
Batting: RHB Dan Mason 0-0: Foul Ball, location: 2F
0-1: Ball
1-1: Ball
2-1: Swinging Strike
2-2: Ball
3-2: Foul Ball, location: 2F
3-2: Foul Ball, location: 2F
3-2: Foul Ball, location: 2F
3-2: Foul Ball, location: 2F
3-2: Strikes out looking
Batting: LHB Luis González 0-0: Foul Ball, location: 2F
0-1: Reached on error, E4 (Groundball, 4M)
Batting: SHB Julián Madrid 0-0: Called Strike
0-1: Ball
Balk!
Luis González to second
1-1: Foul Ball, location: 2F
1-2: Ball
2-2: 2-RUN HOME RUN (Flyball, 7D), Distance : 385 ft
Batting: LHB José Rivas 0-0: Ground out 4-3 (Groundball, 4)
Batting: RHB Stephen Wilson 0-0: Ball
1-0: Ball
2-0: Ball
3-0: Called Strike
3-1: Base on Balls
Batting: LHB Marc Brown 0-0: Called Strike
0-1: Foul Ball, location: 2F
0-2: TRIPLE (Line Drive, 9LS)
Stephen Wilson scores
Batting: SHB Luis González 0-0: DOUBLE (Line Drive, 5L)
Marc Brown scores
Batting: LHB Manny Quiñones 0-0: Ball
1-0: Ball
2-0: Called Strike
2-1: Ground out U3 (Groundball, 3L)
Top of the 3rd over - 4 run(s), 3 hit(s), 1 error(s), 1 left on base; Los Cabos 5 - Boston 3
BOTTOM OF THE 3RD
Boston Rebels batting - Pitching for Los Cabos Cartel : RHP Jorge Jiménez
Batting: LHB Félix Gómez 0-0: Ball
1-0: SINGLE (Groundball, 4MD)
Batting: LHB Jeff Gordon 0-0: Ball
1-0: Called Strike
1-1: Foul Ball, location: 2F
1-2: Strikes out swinging
Batting: RHB Pat Haynes 0-0: Called Strike
0-1: SINGLE (Groundball, 56)
Félix Gómez to second
Batting: RHB Douglas Davis 0-0: Ball
1-0: Ball
2-0: Foul Ball, location: 2F
2-1: Grounds into double play, 6-4-3 (Groundball, 6)
Bottom of the 3rd over - 0 run(s), 2 hit(s), 0 error(s), 1 left on base; Los Cabos 5 - Boston 3
TOP OF THE 4TH
Los Cabos Cartel batting - Pitching for Boston Rebels : LHP José Hidalgo
Batting: LHB Matt Smith 0-0: Ball
1-0: Ball
2-0: SINGLE (Line Drive, 7S)
Batting: RHB Dan Mason 0-0: Ball
1-0: Ground out 5-3 (Groundball, 5S)
Matt Smith to second
Batting: LHB Luis González 0-0: Called Strike
0-1: SINGLE (Groundball, 34D) (infield hit)
Matt Smith to third
Batting: SHB Julián Madrid 0-0: Called Strike
0-1: Ball
1-1: Ball
2-1: Grounds into double play, 1-4-3 (Groundball, 13)
Top of the 4th over - 0 run(s), 2 hit(s), 0 error(s), 1 left on base; Los Cabos 5 - Boston 3
BOTTOM OF THE 4TH
Boston Rebels batting - Pitching for Los Cabos Cartel : RHP Jorge Jiménez
Batting: RHB Felipe Olivas 0-0: Ball
1-0: Reached on error, E4 (Groundball, 4M)
Batting: LHB Ray Spencer 0-0: Ball
1-0: Ball
2-0: Foul Ball, location: 2F
2-1: Ball
3-1: Foul Ball, location: 2F
3-2: Strikes out swinging
Batting: LHB Bill Wilson 0-0: Fielders Choice at 2nd, 6-4 (Groundball, 56)
Batting: LHB Lorenzo Flores 0-0: Ground out 4-3 (Groundball, 4)
Bottom of the 4th over - 0 run(s), 0 hit(s), 1 error(s), 1 left on base; Los Cabos 5 - Boston 3
TOP OF THE 5TH
Los Cabos Cartel batting - Pitching for Boston Rebels : LHP José Hidalgo
Pitching: LHP António Alvarado
Batting: LHB José Rivas 0-0: Ball
1-0: Ball
2-0: Foul Ball, location: 2F
2-1: Swinging Strike
2-2: Ground out U3 (Groundball, 3)
Batting: RHB Stephen Wilson 0-0: Called Strike
0-1: Ground out 6-3 (Groundball, 6)
Batting: LHB Marc Brown 0-0: Ball
1-0: Ball
2-0: Called Strike
2-1: Ball
3-1: Base on Balls
Pitching: LHP José Gómez
Batting: SHB Luis González 0-0: Ball
1-0: Ball
2-0: Fly out, F7 (Flyball, 78D)
Top of the 5th over - 0 run(s), 0 hit(s), 0 error(s), 1 left on base; Los Cabos 5 - Boston 3
BOTTOM OF THE 5TH
Boston Rebels batting - Pitching for Los Cabos Cartel : RHP Jorge Jiménez
Pitching: RHP Vinícius Itaquy
Batting: SHB Javier Villegas 0-0: Ball
1-0: Ball
2-0: Ball
3-0: Called Strike
3-1: Called Strike
3-2: Strikes out swinging
Batting: LHB Félix Gómez 0-0: Called Strike
0-1: Foul Ball, location: 2F
0-2: Foul Ball, location: 2F
0-2: Fly out, F8 (Popup, 4MD)
Batting: LHB Jeff Gordon 0-0: Swinging Strike
0-1: Foul Ball, location: 2F
0-2: Ball
1-2: Strikes out swinging
Bottom of the 5th over - 0 run(s), 0 hit(s), 0 error(s), 0 left on base; Los Cabos 5 - Boston 3
TOP OF THE 6TH
Los Cabos Cartel batting - Pitching for Boston Rebels : LHP José Gómez
Batting: LHB Manny Quiñones 0-0: Called Strike
0-1: Foul Ball, location: 2F
0-2: Ball
1-2: Ball
2-2: Strikes out looking
Batting: LHB Matt Smith 0-0: Called Strike
0-1: Ball
1-1: Swinging Strike
1-2: Fly out, F5 (Popup, 5SF)
Pinch Hitting: RHB Wilbert Rodgers 0-0: Ball
1-0: Ball
2-0: Ball
3-0: Base on Balls
Pinch Hitting: RHB Sam Wallace 0-0: Ball
1-0: Called Strike
1-1: Ball
2-1: Fly out, F7 (Flyball, 7D)
Top of the 6th over - 0 run(s), 0 hit(s), 0 error(s), 1 left on base; Los Cabos 5 - Boston 3
BOTTOM OF THE 6TH
Boston Rebels batting - Pitching for Los Cabos Cartel : RHP Vinícius Itaquy
Now at SS: Sam Wallace
Now in CF: Wilbert Rodgers
Batting: RHB Pat Haynes 0-0: SINGLE (Groundball, 4M)
Batting: RHB Douglas Davis 0-0: Called Strike
0-1: SINGLE (Groundball, 56D)
Pat Haynes to second
Pinch Hitting: LHB Stanley Mullins 0-0: Ball
1-0: Reached on error, E1 (Groundball, 15)
Pat Haynes to third
Douglas Davis to second
Pinch Hitting: RHB Wilson Gómez 0-0: Ball
1-0: Fly out, F6 (Popup, 6S)
Pinch Hitting: RHB Rafael Canales 0-0: Ball
1-0: Ball
2-0: Ball
3-0: Base on Balls
Pat Haynes scores
Douglas Davis to third
Stanley Mullins to second
Pinch Hitting: LHB Tony Ramírez 0-0: Foul Ball, location: 2F
0-1: Ball
1-1: Swinging Strike
1-2: Grounds into double play, 6-4-3 (Groundball, 6)
Bottom of the 6th over - 1 run(s), 2 hit(s), 1 error(s), 2 left on base; Los Cabos 5 - Boston 4
TOP OF THE 7TH
Los Cabos Cartel batting - Pitching for Boston Rebels : LHP José Gómez
Now at 1B: Rafael Canales
Now at SS: Tony Ramírez
Now in LF: Stanley Mullins
Now in CF: Ricardo Brandariz
Batting: SHB Julián Madrid 0-0: Ball
1-0: Foul Ball, location: 2F
1-1: Foul Ball, location: 2F
1-2: Foul Ball, location: 2F
1-2: Ground out 6-3 (Groundball, 6)
Batting: LHB José Rivas 0-0: Called Strike
0-1: Fly out, F5 (Popup, 5SF)
Pinch Hitting: RHB John Pick 0-0: Ball
1-0: Fly out, F3 (Popup, 3SF)
Top of the 7th over - 0 run(s), 0 hit(s), 0 error(s), 0 left on base; Los Cabos 5 - Boston 4
BOTTOM OF THE 7TH
Boston Rebels batting - Pitching for Los Cabos Cartel : RHP Vinícius Itaquy
Pitching: RHP Juan Nieto
Now at 2B: John Pick
Pinch Hitting: LHB Ju-wei Shiu 0-0: Ball
1-0: Called Strike
1-1: Ball
2-1: Foul Ball, location: 2F
2-2: Strikes out looking
Pinch Hitting: RHB Clancy Booker 0-0: Foul Ball, location: 2F
0-1: Foul Ball, location: 2F
0-2: Ball
1-2: Ball
2-2: Foul Ball, location: 2F
2-2: Strikes out swinging
Batting: RHB Rob Whitley 0-0: Swinging Strike
0-1: Ball
1-1: Ball
2-1: Ball
3-1: Foul Ball, location: 2F
3-2: Strikes out swinging
Bottom of the 7th over - 0 run(s), 0 hit(s), 0 error(s), 0 left on base; Los Cabos 5 - Boston 4
TOP OF THE 8TH
Los Cabos Cartel batting - Pitching for Boston Rebels : LHP José Gómez
Now at 3B: Ju-wei Shiu
Now in RF: Clancy Booker
Batting: LHB Marc Brown 0-0: Ball
1-0: Ground out 4-3 (Groundball, 4)
Pitching: RHP Manuel Jimenen
Batting: RHB Juan Marín 0-0: Called Strike
0-1: Ball
1-1: Ball
2-1: Ball
3-1: Base on Balls
Batting: LHB Manny Quiñones 0-0: Called Strike
0-1: Swinging Strike
0-2: Strikes out looking
Batting: LHB Matt Smith 0-0: Ball
1-0: Foul Ball, location: 2F
1-1: Ground out 4-3 (Groundball, 4)
Top of the 8th over - 0 run(s), 0 hit(s), 0 error(s), 1 left on base; Los Cabos 5 - Boston 4
BOTTOM OF THE 8TH
Boston Rebels batting - Pitching for Los Cabos Cartel : RHP Juan Nieto
Pitching: LHP António Martínez
Batting: RHB Pat Haynes 0-0: Called Strike
0-1: Ball
1-1: Foul Ball, location: 2F
1-2: Foul Ball, location: 2F
1-2: Fly out, F8 (Flyball, 8RM)
Batting: RHB Douglas Davis 0-0: Called Strike
0-1: Fly out, F7 (Line Drive, 7LS)
Batting: LHB Stanley Mullins 0-0: Ground out 6-3 (Groundball, 6M)
Bottom of the 8th over - 0 run(s), 0 hit(s), 0 error(s), 0 left on base; Los Cabos 5 - Boston 4
TOP OF THE 9TH
Los Cabos Cartel batting - Pitching for Boston Rebels : RHP Manuel Jimenen
Pitching: RHP Lorenzo Vargas
Batting: RHB Wilbert Rodgers 0-0: SINGLE (Flyball, 7LS)
Pitching: RHP Dorian Hoskins
Batting: RHB Sam Wallace 0-0: Ball
1-0: Sac Bunt - play at first, batter OUT! 5-4
Wilbert Rodgers to second
Batting: SHB Julián Madrid 0-0: Intentional Walk
Pitching: LHP Yoshihiro Hasegawa
Batting: LHB José Rivas 0-0: Ball
1-0: Ball
2-0: Foul Ball, location: 2F
2-1: Ball
3-1: Base on Balls
Wilbert Rodgers to third
Julián Madrid to second
Pitching: RHP Alberto Bonilla
Batting: RHB John Pick 0-0: Called Strike
0-1: Ball
1-1: Called Strike
1-2: Ball
2-2: Strikes out swinging
Pitching: RHP Jonathan Booker
Batting: LHB Marc Brown 0-0: Ball
1-0: Ball
2-0: Foul Ball, location: 2F
2-1: Ball
3-1: Base on Balls
Wilbert Rodgers scores
Julián Madrid to third
José Rivas to second
Pitching: RHP António López
Batting: RHB Juan Marín 0-0: Called Strike
0-1: Ball
1-1: Ball
2-1: Foul Ball, location: 2F
2-2: Fielders Choice at 2nd, 6-4 (Groundball, 56)
Top of the 9th over - 1 run(s), 1 hit(s), 0 error(s), 2 left on base; Los Cabos 6 - Boston 4
BOTTOM OF THE 9TH
Boston Rebels batting - Pitching for Los Cabos Cartel : LHP António Martínez
Pitching: RHP Masahiko Okada
Batting: LHB Ricardo Brandariz 0-0: Foul Ball, location: 2F
0-1: Ball
1-1: Ball
2-1: Ball
3-1: Called Strike
3-2: Foul Ball, location: 2F
3-2: Foul Ball, location: 2F
3-2: Foul Ball, location: 2F
3-2: Ground out 4-3 (Groundball, 4)
Batting: RHB Rafael Canales 0-0: Ball
1-0: SOLO HOME RUN (Line Drive, 78XD), Distance : 437 ft
Batting: LHB Tony Ramírez 0-0: Called Strike
0-1: Ball
1-1: Ball
2-1: Called Strike
2-2: Ground out 4-3 (Groundball, 4)
Batting: LHB Ju-wei Shiu 0-0: Ball
1-0: Fly out, F7 (Flyball, 78XD)
Bottom of the 9th over - 1 run(s), 1 hit(s), 0 error(s), 0 left on base; Los Cabos 6 - Boston 5
This league is powered by Out of the Park Baseball, the baseball management simulation game for PC, Mac and Linux
Tuesday, August 2nd, 2016 - OOTP Baseball 16.8 Build 38